Blackhawks vs Flames
Created - December 9, 2023 at 07:47
Goals
|
Blackhawks |
1 |
1 |
1 |
3 |
Flames |
2 |
3 |
1 |
6 |
|
Shots
|
Blackhawks |
11 |
15 |
10 |
36 |
Flames |
9 |
14 |
17 |
40 |
|
1st period
1. Blackhawks , Jordan Staal 6 (Johnny Gaudreau 19, Robert Hagg 3) at 1:55
2. Flames , Sami Vatanen 2 (Jimmy Hayes 17, Christopher Gibson) at 9:42 (PP)
3. Flames , Eric Staal 14 (Erik Johnson 11, Sami Vatanen 9) at 10:52
Penalties :
Nick Bjugstad (Chi) for Hooking (Minor) at 5:11, Radko Gudas (Chi) for Delaying the game (Minor) at 9:31, Erik Johnson (Cal) for Holding (Minor) at 15:32
2nd period
4. Blackhawks , Brett Maclean 5 (Jamie McBain 11) at 4:49
5. Flames , Eric Staal 15 (Jimmy Hayes 18) at 12:48 (PP)
6. Flames , Kevin Labanc 6 (Sami Vatanen 10, Erik Johnson 12) at 13:42
7. Flames , Brad Marchand 8 (Esa Lindell 5, Eric Staal 16) at 14:15
Penalties :
Eric Staal (Cal) for Holding Stick (Minor) at 0:46, Jamie McBain (Chi) for Unsportsmanlike conduct (Minor) at 12:38, Ben Harpur (Chi) for Interference (Minor) at 15:33
3rd period
8. Blackhawks , Ben Harpur 3 (Jordan Staal 12, Johnny Gaudreau 20) at 1:39
9. Flames , Tanner Pearson 11 (Esa Lindell 6, Christian Folin 8) at 10:44
Penalties :
Calvin de Haan (Chi) for Hooking (Minor) at 7:29
Goalie Stats
James Reimer (Chi), 15 saves from 19 shots - (0.789), L, 9-12-3, 33:42 minutes
Joe Cannata (Chi), 19 saves from 21 shots - (0.905), 26:18 minutes
Christopher Gibson (Cal), 33 saves from 36 shots - (0.917), W, 9-4-0, 60:00 minutes
Players Stats for Blackhawks
Player Name G A P +/- PIM S H SB GA TA FO MP PP MP PK MP
------------------------------------------------------------------------------------
Andrew Mangiapane 0 0 0 0 0 0 0 1 0 0 0/0 10:02 0:03 1:23
Antoine Roussel 0 0 0 0 0 2 0 0 1 0 0/0 17:25 1:52 1:57
Ben Harpur 1 0 1 0 2 3 1 0 1 2 0/0 20:18 1:35 2:15
Brett Maclean 1 0 1 -1 0 1 1 0 0 1 0/0 10:00 0:00 0:00
Calvin de Haan 0 0 0 0 2 0 0 0 2 1 0/0 20:24 1:35 2:38
Corey Perry 0 0 0 0 0 3 2 2 0 0 1/1 8:22 0:03 0:00
Jakob Silfverberg 0 0 0 0 0 3 0 0 0 0 0/1 19:35 2:03 0:00
James Wright 0 0 0 -1 0 3 0 1 0 0 3/6 11:40 0:00 1:23
Jamie McBain 0 1 1 -2 2 1 1 1 2 0 0/0 27:50 2:23 3:27
Johnny Gaudreau 0 2 2 0 0 2 0 0 2 0 2/3 22:33 2:03 2:58
Jordan Staal 1 1 2 0 0 2 1 0 1 0 15/33 22:33 2:03 2:58
Mike Amadio 0 0 0 -1 0 7 0 0 1 0 0/1 10:27 0:03 0:00
Nick Bjugstad 0 0 0 0 2 1 1 0 1 0 1/2 15:27 1:52 0:00
Nick Bonino 0 0 0 0 0 3 1 0 0 0 8/14 17:25 1:52 1:57
Petter Granberg 0 0 0 1 0 1 0 1 0 0 0/0 13:08 0:00 1:20
Radko Gudas 0 0 0 -2 2 1 2 2 0 0 0/0 27:07 2:23 2:56
Robert Hagg 0 1 1 1 0 0 1 1 0 0 0/0 11:26 0:00 0:00
Stefan Matteau 0 0 0 0 0 3 0 0 0 2 2/7 7:55 0:00 0:00
Players Stats for Flames
Player Name G A P +/- PIM S H SB GA TA FO MP PP MP PK MP
------------------------------------------------------------------------------------
Anders Lee 0 0 0 -1 0 1 0 0 0 0 1/1 9:11 0:02 1:15
Brad Marchand 1 0 1 1 0 3 2 0 0 1 1/3 20:44 0:02 2:05
Bryan Rust 0 0 0 1 0 4 0 1 1 0 0/0 19:55 0:02 1:20
Christian Folin 0 1 1 1 0 2 1 1 0 2 0/0 20:32 2:32 2:05
Colby Robak 0 0 0 -1 0 0 0 0 0 0 0/0 13:48 0:00 1:52
Colin Wilson 0 0 0 1 0 1 0 0 1 0 2/7 10:44 0:00 0:03
David Savard 0 0 0 -1 0 1 1 0 1 1 0/0 12:32 0:00 0:43
David Ullstrom 0 0 0 -1 0 0 2 0 0 1 0/0 8:11 0:00 0:51
Eric Staal 2 1 3 1 2 9 4 1 1 1 18/34 22:05 3:29 0:17
Erik Johnson 0 2 2 1 2 0 2 1 0 0 0/0 26:48 3:46 1:00
Esa Lindell 0 2 2 1 0 0 1 1 1 1 0/0 18:24 2:32 0:00
Jake DeBrusk 0 0 0 1 0 1 3 0 1 0 0/0 13:28 2:47 0:00
Jimmy Hayes 0 2 2 0 0 3 1 0 0 0 2/2 16:32 3:29 0:00
Kevin Labanc 1 0 1 1 0 2 2 0 0 2 0/0 13:28 2:47 0:00
Kyle Palmieri 0 0 0 -1 0 1 1 0 0 0 0/0 7:20 0:00 0:00
Patrik Berglund 0 0 0 0 0 3 0 0 0 1 12/21 17:44 2:47 2:05
Sami Vatanen 1 2 3 1 0 4 1 0 0 1 0/0 28:02 3:46 2:16
Tanner Pearson 1 0 1 0 0 5 0 1 0 0 0/0 16:32 3:29 0:00
3 Stars
1 - Eric Staal (Cal)
2 - Sami Vatanen (Cal)
3 - Brad Marchand (Cal)
Power Play
Blackhawks - 0 on 2 Attempt(s) - 0.00%
Flames - 2 on 5 Attempt(s) - 40.00%
Penalty Kill
Blackhawks - 3 on 5 Attempt(s) - 60.00%
- Score 0 goal in Penalty Kill
Flames - 2 on 2 Attempt(s) - 100.00%
- Score 0 goal in Penalty Kill
Team Stat
Blackhawks - Hits : 11 - Faceoff Wins : 32 - Blocked Shots : 9 - Penalty Minutes : 10
Flames - Hits : 21 - Faceoff Wins : 36 - Blocked Shots : 6 - Penalty Minutes : 4
Official
Referees : Tim Peel and Wes McCauley
Linesman : Tyson Baker and Mark Shewchyk
Game Notes
Joe Cannata enters game at 13:42 of 2nd period
Finance
Level 1 -- Attendance: 6000 (100.00%) -- Ticket Income $600,000
Level 2 -- Attendance: 4613 (92.26%) -- Ticket Income $276,780
Level 3 -- Attendance: 1854 (92.70%) -- Ticket Income $64,890
Level 4 -- Attendance: 4000 (100.00%) -- Ticket Income $100,000
Luxury Box -- Attendance: 1000 (100.00%) -- Ticket Income $200,000
Game was played at the Scotiabank Saddledome.
Total Attendance: 17467 (97.04%)
Total Ticket Income: $1,241,670
Other Income: $186,250
Total Income: $1,427,920
Blackhawks
5 vs 5 Forward
Center Left Wing Right Wing Time % Phy DF OF
1 Jordan Staal Johnny Gaudreau Jakob Silfverberg 40 1 2 2
2 Nick Bonino Antoine Roussel Nick Bjugstad 30 1 2 2
3 James Wright Brett Maclean Mike Amadio 20 1 2 2
4 Stefan Matteau Andrew Mangiapane Corey Perry 10 1 2 2
5 vs 5 Defense
Defense Defense Time % Phy DF OF
1 Jamie McBain Radko Gudas 40 1 2 2
2 Ben Harpur Calvin de Haan 30 1 2 2
3 Petter Granberg Robert Hagg 20 1 2 2
4 Jamie McBain Radko Gudas 10 1 2 2
PowerPlay Forward
Center Left Wing Right Wing Time % Phy DF OF
1 Jordan Staal Johnny Gaudreau Jakob Silfverberg 60 1 2 2
2 Nick Bonino Antoine Roussel Nick Bjugstad 40 1 2 2
PowerPlay Defense
Defense Defense Time % Phy DF OF
1 Jamie McBain Radko Gudas 60 1 2 2
2 Ben Harpur Calvin de Haan 40 1 2 2
Penalty Kill 4 Players Forward
Center Wing Time % Phy DF OF
1 Jordan Staal Johnny Gaudreau 60 1 2 2
2 Nick Bonino Antoine Roussel 40 1 2 2
Penalty Kill 4 Players Defense
Defense Defense Time % Phy DF OF
1 Jamie McBain Radko Gudas 60 1 2 2
2 Ben Harpur Calvin de Haan 40 1 2 2
Penalty Kill - 3 Players Forward
Forward Time % Phy DF OF
1 Jordan Staal 60 1 2 2
2 Nick Bonino 40 1 2 2
Penalty Kill - 3 Players Defense
Defense Defense Time % Phy DF OF
1 Jamie McBain Radko Gudas 60 1 2 2
2 Ben Harpur Calvin de Haan 40 1 2 2
4 vs 4 Forward
Center Wing Time % Phy DF OF
1 Jordan Staal Johnny Gaudreau 60 1 2 2
2 Nick Bonino Antoine Roussel 40 1 2 2
4 vs 4 Defense
Defense Defense Time % Phy DF OF
1 Jamie McBain Radko Gudas 60 1 2 2
2 Ben Harpur Calvin de Haan 40 1 2 2
Last Minutes Offensive
Center Left Wing Right Wing Defense Defense
Jordan Staal Johnny Gaudreau Jakob Silfverberg Jamie McBain Radko Gudas
Last Minutes Defensive
Center Left Wing Right Wing Defense Defense
Jordan Staal Johnny Gaudreau Jakob Silfverberg Jamie McBain Radko Gudas
Goaltenders
Starting : James Reimer
Backup : Joe Cannata
Extra Forwards
Normal : Jordan Staal, Corey Perry, Mike Amadio - PP : Jordan Staal, Corey Perry - PK : Jordan Staal
Extra Defensemen
Normal : Calvin de Haan, Petter Granberg, Robert Hagg - PP : Calvin de Haan - PK : Calvin de Haan, Petter Granberg
Penalty Shots
Johnny Gaudreau, Jakob Silfverberg, Nick Bjugstad, Antoine Roussel, Jordan Staal
Custom OT Lines Forwards
Johnny Gaudreau, Jakob Silfverberg, Nick Bjugstad, Antoine Roussel, Jordan Staal, Corey Perry, Mike Amadio, Nick Bonino, Brett Maclean, James Wright
Custom OT Lines Defensemen
Jamie McBain, Radko Gudas, Ben Harpur, Calvin de Haan, Petter Granberg
Scratches
None
Flames
5 vs 5 Forward
Center Left Wing Right Wing Time % Phy DF OF
1 Eric Staal Brad Marchand Bryan Rust 40 1 2 2
2 Patrik Berglund Tanner Pearson Jimmy Hayes 30 1 2 2
3 Colin Wilson Jake DeBrusk Kevin Labanc 20 1 2 2
4 Anders Lee David Ullstrom Kyle Palmieri 10 1 2 2
5 vs 5 Defense
Defense Defense Time % Phy DF OF
1 Erik Johnson Sami Vatanen 40 1 2 2
2 Esa Lindell Christian Folin 30 1 2 2
3 Colby Robak David Savard 20 1 2 2
4 Erik Johnson Sami Vatanen 10 1 2 2
PowerPlay Forward
Center Left Wing Right Wing Time % Phy DF OF
1 Eric Staal Tanner Pearson Jimmy Hayes 60 1 1 3
2 Patrik Berglund Jake DeBrusk Kevin Labanc 40 1 1 3
PowerPlay Defense
Defense Defense Time % Phy DF OF
1 Erik Johnson Sami Vatanen 60 1 1 3
2 Esa Lindell Christian Folin 40 1 1 3
Penalty Kill 4 Players Forward
Center Wing Time % Phy DF OF
1 Patrik Berglund Brad Marchand 60 1 2 2
2 Eric Staal Bryan Rust 40 1 2 2
Penalty Kill 4 Players Defense
Defense Defense Time % Phy DF OF
1 Erik Johnson Sami Vatanen 60 1 2 2
2 Colby Robak Christian Folin 40 1 2 2
Penalty Kill - 3 Players Forward
Forward Time % Phy DF OF
1 Eric Staal 60 1 2 2
2 Patrik Berglund 40 1 2 2
Penalty Kill - 3 Players Defense
Defense Defense Time % Phy DF OF
1 Erik Johnson Sami Vatanen 60 1 2 2
2 Colby Robak Christian Folin 40 1 2 2
4 vs 4 Forward
Center Wing Time % Phy DF OF
1 Eric Staal Bryan Rust 60 1 2 2
2 Patrik Berglund Brad Marchand 40 1 2 2
4 vs 4 Defense
Defense Defense Time % Phy DF OF
1 Erik Johnson Sami Vatanen 60 1 2 2
2 Esa Lindell Christian Folin 40 1 2 2
Last Minutes Offensive
Center Left Wing Right Wing Defense Defense
Eric Staal Brad Marchand Bryan Rust Erik Johnson Sami Vatanen
Last Minutes Defensive
Center Left Wing Right Wing Defense Defense
Eric Staal Brad Marchand Bryan Rust Erik Johnson Sami Vatanen
Goaltenders
Starting : Christopher Gibson
Backup : Henrik Lundqvist
Extra Forwards
Normal : Tanner Pearson, Jimmy Hayes, Patrik Berglund - PP : Jake DeBrusk, Anders Lee - PK : Bryan Rust
Extra Defensemen
Normal : Colby Robak, Esa Lindell, Christian Folin - PP : Esa Lindell - PK : Christian Folin, David Savard
Penalty Shots
Eric Staal, Tanner Pearson, Jimmy Hayes, Kyle Palmieri, Patrik Berglund
Custom OT Lines Forwards
Eric Staal, Tanner Pearson, Patrik Berglund, Jimmy Hayes, Bryan Rust, Brad Marchand, Colin Wilson, Jake DeBrusk, Kevin Labanc, Kyle Palmieri
Custom OT Lines Defensemen
Erik Johnson, Sami Vatanen, Christian Folin, Esa Lindell, Colby Robak
Scratches
Chris Brown (Healthy), Mathieu Brodeur (Healthy), Matthew Nieto (Healthy), Victor Rask (Healthy)
% Time on Ice - Blackhawks
Lines # - Real PCT - Wanted PCT - Time Play
Normal Forward
1 - 37% - 40% - 18:13
2 - 27% - 30% - 13:36
3 - 20% - 20% - 10:00
4 - 16% - 10% - 7:55
Normal Defense
1 - 39% - 40% - 19:21
2 - 33% - 30% - 16:29
3 - 23% - 20% - 11:26
4 - 5% - 10% - 2:28
PP Forward
1 - 53% - 60% - 2:06
2 - 47% - 40% - 1:52
PP Defense
1 - 60% - 60% - 2:23
2 - 40% - 40% - 1:35
PK Forward
1 - 69% - 60% - 4:21
2 - 31% - 40% - 1:57
PK Defense
1 - 49% - 60% - 3:07
2 - 51% - 40% - 3:11
PK3 Forward
1 - 0% - 60%
2 - 0% - 40%
PK3 Defense
1 - 0% - 60%
2 - 0% - 40%
44 Forward
1 - 0% - 60%
2 - 0% - 40%
44 Defense
1 - 0% - 60%
2 - 0% - 40%
Last Minute Offensive - 0:00
Last Minute Defensive - 0:00
Total
Forward - 60:00
Defense - 60:00
|
% Time on Ice - Flames
Lines # - Real PCT - Wanted PCT - Time Play
Normal Forward
1 - 38% - 40% - 18:48
2 - 26% - 30% - 12:55
3 - 21% - 20% - 10:41
4 - 15% - 10% - 7:20
Normal Defense
1 - 39% - 40% - 19:30
2 - 32% - 30% - 15:55
3 - 23% - 20% - 11:25
4 - 6% - 10% - 2:54
PP Forward
1 - 56% - 60% - 3:31
2 - 44% - 40% - 2:47
PP Defense
1 - 60% - 60% - 3:46
2 - 40% - 40% - 2:32
PK Forward
1 - 74% - 60% - 2:56
2 - 26% - 40% - 1:02
PK Defense
1 - 75% - 60% - 2:59
2 - 25% - 40% - 0:59
PK3 Forward
1 - 0% - 60%
2 - 0% - 40%
PK3 Defense
1 - 0% - 60%
2 - 0% - 40%
44 Forward
1 - 0% - 60%
2 - 0% - 40%
44 Defense
1 - 0% - 60%
2 - 0% - 40%
Last Minute Offensive - 0:00
Last Minute Defensive - 0:00
Total
Forward - 60:00
Defense - 60:00
|
Play-by-Play
1st period
0:01 of 1st period - Jordan Staal wins face-off versus Eric Staal in neutral zone.
0:33 of 1st period - Slapshot by Johnny Gaudreau.
0:33 of 1st period - Shot Blocked by Erik Johnson.
0:35 of 1st period - Slapshot by Jamie McBain.
0:35 of 1st period - Deflect By Johnny Gaudreau.
0:35 of 1st period - Shot Misses the Net.
0:35 of 1st period - Puck is out of play.
0:36 of 1st period - Patrik Berglund wins face-off versus Nick Bjugstad in Flames zone.
0:56 of 1st period - Icing by Ben Harpur.
0:57 of 1st period - Nick Bjugstad wins face-off versus Colin Wilson in Blackhawks zone.
1:28 of 1st period - David Ullstrom is hit by Brett Maclean and loses puck.
1:55 of 1st period - Wrist shot by Jordan Staal.
1:55 of 1st period - Goal by Jordan Staal - Blackhawks : 1 - Flames : 0.
1:56 of 1st period - Patrik Berglund wins face-off versus Stefan Matteau in neutral zone.
2:07 of 1st period - Snap shot by Patrik Berglund.
2:07 of 1st period - Shot Blocked by Corey Perry.
2:32 of 1st period - Wrist shot by Mike Amadio.
2:32 of 1st period - Stopped by Christopher Gibson with a rebound.
2:34 of 1st period - Slapshot by Robert Hagg.
2:34 of 1st period - Shot Blocked by Christian Folin.
3:58 of 1st period - Snap shot by Mike Amadio.
3:58 of 1st period - Stopped by Christopher Gibson with a rebound.
4:33 of 1st period - Backhand shot by Antoine Roussel.
4:33 of 1st period - Shot Misses the Net.
4:35 of 1st period - Slapshot by Jamie McBain.
4:35 of 1st period - Shot Misses the Net.
4:38 of 1st period - Icing by Sami Vatanen.
4:39 of 1st period - Jimmy Hayes wins face-off versus Jordan Staal in Flames zone.
4:48 of 1st period - Slapshot by Jimmy Hayes.
4:48 of 1st period - Deflect By Patrik Berglund.
4:48 of 1st period - Stopped by James Reimer with a rebound.
5:11 of 1st period - Minor Penalty to Nick Bjugstad for Hooking.
5:12 of 1st period - Eric Staal wins face-off versus Jordan Staal in Blackhawks zone.
6:21 of 1st period - Snap shot by James Wright.
6:21 of 1st period - Shot Blocked by Eric Staal.
6:45 of 1st period - Jordan Staal is hit by Jake DeBrusk and loses puck.
7:11 of 1st period - Penalty to Nick Bjugstad is over, Nick Bjugstad is back on ice.
7:18 of 1st period - Off-side.
7:19 of 1st period - Anders Lee wins face-off versus James Wright in neutral zone.
7:22 of 1st period - Slapshot by Sami Vatanen.
7:22 of 1st period - Deflect By Anders Lee.
7:22 of 1st period - Shot Blocked by Robert Hagg.
7:22 of 1st period - Puck is out of play.
7:23 of 1st period - James Wright wins face-off versus Eric Staal in Blackhawks zone.
8:13 of 1st period - Icing by Erik Johnson.
8:14 of 1st period - Nick Bonino wins face-off versus Patrik Berglund in Flames zone.
8:19 of 1st period - Snap shot by Nick Bonino.
8:19 of 1st period - Stopped by Christopher Gibson without a rebound.
8:20 of 1st period - Eric Staal wins face-off versus Nick Bonino in Flames zone.
8:34 of 1st period - Snap shot by Nick Bonino.
8:34 of 1st period - Deflect By Antoine Roussel.
8:34 of 1st period - Stopped by Christopher Gibson without a rebound.
8:35 of 1st period - Jordan Staal wins face-off versus Colin Wilson in Flames zone.
9:14 of 1st period - Slapshot by Antoine Roussel.
9:14 of 1st period - Shot Misses the Net.
9:16 of 1st period - Snap shot by Nick Bonino.
9:16 of 1st period - Shot Misses the Net.
9:18 of 1st period - Snap shot by Nick Bonino.
9:18 of 1st period - Stopped by Christopher Gibson without a rebound.
9:19 of 1st period - Stefan Matteau wins face-off versus Patrik Berglund in Flames zone.
9:22 of 1st period - Snap shot by Corey Perry.
9:22 of 1st period - Stopped by Christopher Gibson without a rebound.
9:23 of 1st period - Patrik Berglund wins face-off versus Stefan Matteau in Flames zone.
9:31 of 1st period - Minor Penalty to Radko Gudas for Delaying the game.
9:32 of 1st period - Jordan Staal wins face-off versus Eric Staal in Blackhawks zone.
9:42 of 1st period - Snap shot by Sami Vatanen.
9:42 of 1st period - Goal by Sami Vatanen - Blackhawks : 1 - Flames : 1.
9:43 of 1st period - Johnny Gaudreau wins face-off versus Eric Staal in neutral zone.
10:20 of 1st period - Slapshot by Antoine Roussel.
10:20 of 1st period - Deflect By Esa Lindell.
10:20 of 1st period - Shot Misses the Net.
10:20 of 1st period - Puck is out of play.
10:21 of 1st period - Patrik Berglund wins face-off versus Mike Amadio in Flames zone.
10:34 of 1st period - Slapshot by Sami Vatanen.
10:34 of 1st period - Stopped by James Reimer with a rebound.
10:52 of 1st period - Snap shot by Eric Staal.
10:52 of 1st period - Goal by Eric Staal - Blackhawks : 1 - Flames : 2.
10:53 of 1st period - Jordan Staal wins face-off versus Eric Staal in neutral zone.
11:00 of 1st period - Wrist shot by Jordan Staal.
11:00 of 1st period - Shot Hit the Post.
11:06 of 1st period - Slapshot by Sami Vatanen.
11:06 of 1st period - Deflect By Eric Staal.
11:06 of 1st period - Stopped by James Reimer with a rebound.
11:08 of 1st period - Snap shot by Bryan Rust.
11:08 of 1st period - Deflect By Eric Staal.
11:08 of 1st period - Deflect By Jakob Silfverberg.
11:08 of 1st period - Shot Blocked by Jamie McBain.
11:08 of 1st period - Puck is out of play.
11:09 of 1st period - Nick Bonino wins face-off versus Colin Wilson in Blackhawks zone.
11:36 of 1st period - Johnny Gaudreau is hit by Eric Staal and loses puck.
11:41 of 1st period - Wrist shot by Bryan Rust.
11:41 of 1st period - Shot Misses the Net.
11:43 of 1st period - Snap shot by Bryan Rust.
11:43 of 1st period - Stopped by James Reimer without a rebound.
11:44 of 1st period - Jordan Staal wins face-off versus Eric Staal in Blackhawks zone.
12:11 of 1st period - Erik Johnson is hit by Ben Harpur and loses puck.
12:37 of 1st period - Wrist shot by Jimmy Hayes.
12:37 of 1st period - Stopped by James Reimer with a rebound.
13:07 of 1st period - Snap shot by Stefan Matteau.
13:07 of 1st period - Stopped by Christopher Gibson with a rebound.
13:25 of 1st period - Wrist shot by Esa Lindell.
13:25 of 1st period - Shot Misses the Net.
14:56 of 1st period - Robert Hagg is hit by Jake DeBrusk and loses puck.
15:06 of 1st period - Icing by Jordan Staal.
15:07 of 1st period - James Wright wins face-off versus Patrik Berglund in Blackhawks zone.
15:22 of 1st period - Snap shot by Mike Amadio.
15:22 of 1st period - Stopped by Christopher Gibson without a rebound.
15:23 of 1st period - Jordan Staal wins face-off versus Eric Staal in Flames zone.
15:30 of 1st period - Backhand shot by Jakob Silfverberg.
15:30 of 1st period - Shot Misses the Net.
15:32 of 1st period - Minor Penalty to Erik Johnson for Holding.
15:33 of 1st period - Jordan Staal wins face-off versus Patrik Berglund in Flames zone.
16:08 of 1st period - Wrist shot by Antoine Roussel.
16:08 of 1st period - Shot Misses the Net.
16:40 of 1st period - Calvin de Haan is hit by David Savard and loses puck.
17:32 of 1st period - Penalty to Erik Johnson is over, Erik Johnson is back on ice.
18:06 of 1st period - Slapshot by Jimmy Hayes.
18:06 of 1st period - Shot Misses the Net.
18:24 of 1st period - Calvin de Haan is hit by David Ullstrom and loses puck.
18:39 of 1st period - Wrist shot by Kevin Labanc.
18:39 of 1st period - Shot Blocked by Radko Gudas.
18:41 of 1st period - Wrist shot by Erik Johnson.
18:41 of 1st period - Deflect By Kevin Labanc.
18:41 of 1st period - Stopped by James Reimer without a rebound.
18:42 of 1st period - Stefan Matteau wins face-off versus Colin Wilson in Blackhawks zone.
18:51 of 1st period - Wrist shot by Stefan Matteau.
18:51 of 1st period - Shot Misses the Net.
18:55 of 1st period - Snap shot by Stefan Matteau.
18:55 of 1st period - Stopped by Christopher Gibson with a rebound.
18:57 of 1st period - Slapshot by Ben Harpur.
18:57 of 1st period - Stopped by Christopher Gibson without a rebound.
18:58 of 1st period - Eric Staal wins face-off versus Jordan Staal in Flames zone.
19:17 of 1st period - Radko Gudas is hit by Brad Marchand and loses puck.
19:36 of 1st period - Wrist shot by Tanner Pearson.
19:36 of 1st period - Stopped by James Reimer with a rebound.
19:38 of 1st period - Wrist shot by Jimmy Hayes.
19:38 of 1st period - Shot Hit the Post.
Goals for this period are 1 for Blackhawks vs 2 for Flames.
Shots for this period are 11 for Blackhawks vs 9 for Flames.
2nd period
0:01 of 2nd period - Jordan Staal wins face-off versus Eric Staal in neutral zone.
0:04 of 2nd period - Snap shot by Jamie McBain.
0:04 of 2nd period - Shot Misses the Net.
0:08 of 2nd period - Wrist shot by Jakob Silfverberg.
0:08 of 2nd period - Shot Misses the Net.
0:10 of 2nd period - Snap shot by Jakob Silfverberg.
0:10 of 2nd period - Stopped by Christopher Gibson with a rebound.
0:12 of 2nd period - Snap shot by Johnny Gaudreau.
0:12 of 2nd period - Stopped by Christopher Gibson with a rebound.
0:14 of 2nd period - Snap shot by Jamie McBain.
0:14 of 2nd period - Stopped by Christopher Gibson without a rebound.
0:15 of 2nd period - Nick Bonino wins face-off versus Patrik Berglund in Flames zone.
0:16 of 2nd period - Snap shot by Nick Bjugstad.
0:16 of 2nd period - Shot Blocked by Tanner Pearson.
0:18 of 2nd period - Snap shot by Nick Bonino.
0:18 of 2nd period - Stopped by Christopher Gibson with a rebound.
0:26 of 2nd period - Slapshot by Tanner Pearson.
0:26 of 2nd period - Stopped by James Reimer with a rebound.
0:33 of 2nd period - Off-side.
0:34 of 2nd period - Eric Staal wins face-off versus Johnny Gaudreau in neutral zone.
0:46 of 2nd period - Minor Penalty to Eric Staal for Holding Stick.
0:47 of 2nd period - Patrik Berglund wins face-off versus Jordan Staal in Flames zone.
0:47 of 2nd period - Patrik Berglund is hit by Radko Gudas.
1:51 of 2nd period - Antoine Roussel is hit by Christian Folin and loses puck.
2:46 of 2nd period - Penalty to Eric Staal is over, Eric Staal is back on ice.
2:48 of 2nd period - Slapshot by Christian Folin.
2:48 of 2nd period - Deflect By Eric Staal.
2:48 of 2nd period - Shot Blocked by Andrew Mangiapane.
2:48 of 2nd period - Puck is out of play.
2:49 of 2nd period - Corey Perry wins face-off versus Colin Wilson in Blackhawks zone.
2:58 of 2nd period - Mike Amadio is hit by Sami Vatanen and loses puck.
3:30 of 2nd period - Antoine Roussel is hit by Brad Marchand and loses puck.
3:49 of 2nd period - Tanner Pearson is hit by Corey Perry.
3:53 of 2nd period - Wrist shot by Patrik Berglund.
3:53 of 2nd period - Shot Misses the Net.
4:41 of 2nd period - Snap shot by Johnny Gaudreau.
4:41 of 2nd period - Deflect By Tanner Pearson.
4:41 of 2nd period - Shot Misses the Net.
4:41 of 2nd period - Puck is out of play.
4:42 of 2nd period - James Wright wins face-off versus Patrik Berglund in Flames zone.
4:49 of 2nd period - Snap shot by Brett Maclean.
4:49 of 2nd period - Goal by Brett Maclean - Blackhawks : 2 - Flames : 2.
4:50 of 2nd period - Eric Staal wins face-off versus Jordan Staal in neutral zone.
4:53 of 2nd period - Slapshot by Erik Johnson.
4:53 of 2nd period - Shot Blocked by Radko Gudas.
5:05 of 2nd period - Sami Vatanen is hit by Jordan Staal and loses puck.
5:41 of 2nd period - Slapshot by Antoine Roussel.
5:41 of 2nd period - Shot Misses the Net.
5:47 of 2nd period - Mike Amadio is hit by Kevin Labanc and loses puck.
6:04 of 2nd period - Snap shot by Anders Lee.
6:04 of 2nd period - Shot Blocked by Petter Granberg.
6:06 of 2nd period - Slapshot by Christian Folin.
6:06 of 2nd period - Stopped by James Reimer without a rebound.
6:07 of 2nd period - Eric Staal wins face-off versus Jordan Staal in Blackhawks zone.
6:40 of 2nd period - Slapshot by Mike Amadio.
6:40 of 2nd period - Stopped by Christopher Gibson with a rebound.
6:42 of 2nd period - Snap shot by Mike Amadio.
6:42 of 2nd period - Deflect By David Savard.
6:42 of 2nd period - Stopped by Christopher Gibson with a rebound.
6:44 of 2nd period - Wrist shot by Mike Amadio.
6:44 of 2nd period - Stopped by Christopher Gibson without a rebound.
6:45 of 2nd period - Jordan Staal wins face-off versus Patrik Berglund in Flames zone.
6:53 of 2nd period - Slapshot by Erik Johnson.
6:53 of 2nd period - Deflect By Patrik Berglund.
6:53 of 2nd period - Shot Misses the Net.
6:53 of 2nd period - Puck is out of play.
6:54 of 2nd period - Patrik Berglund wins face-off versus Jordan Staal in Blackhawks zone.
6:57 of 2nd period - Slapshot by Patrik Berglund.
6:57 of 2nd period - Shot Misses the Net.
6:59 of 2nd period - Slapshot by Erik Johnson.
6:59 of 2nd period - Shot Misses the Net.
7:01 of 2nd period - Snap shot by Tanner Pearson.
7:01 of 2nd period - Stopped by James Reimer without a rebound.
7:02 of 2nd period - Jordan Staal wins face-off versus Eric Staal in Blackhawks zone.
7:09 of 2nd period - Wrist shot by Bryan Rust.
7:09 of 2nd period - Deflect By Eric Staal.
7:09 of 2nd period - Stopped by James Reimer with a rebound.
7:34 of 2nd period - Wrist shot by Antoine Roussel.
7:34 of 2nd period - Stopped by Christopher Gibson with a rebound.
7:36 of 2nd period - Slapshot by Ben Harpur.
7:36 of 2nd period - Stopped by Christopher Gibson without a rebound.
7:37 of 2nd period - Patrik Berglund wins face-off versus Nick Bonino in Flames zone.
8:39 of 2nd period - Christian Folin is hit by Radko Gudas and loses puck.
8:52 of 2nd period - Snap shot by Esa Lindell.
8:52 of 2nd period - Shot Misses the Net.
9:01 of 2nd period - Icing by Calvin de Haan.
9:02 of 2nd period - Eric Staal wins face-off versus Stefan Matteau in Blackhawks zone.
9:08 of 2nd period - Ben Harpur is hit by Eric Staal and loses puck.
9:15 of 2nd period - Snap shot by Stefan Matteau.
9:15 of 2nd period - Stopped by Christopher Gibson with a rebound.
9:37 of 2nd period - Wrist shot by Corey Perry.
9:37 of 2nd period - Stopped by Christopher Gibson without a rebound.
9:38 of 2nd period - Jimmy Hayes wins face-off versus Jordan Staal in Flames zone.
10:28 of 2nd period - Snap shot by Colin Wilson.
10:28 of 2nd period - Stopped by James Reimer with a rebound.
10:48 of 2nd period - Snap shot by Brad Marchand.
10:48 of 2nd period - Shot Blocked by Corey Perry.
10:50 of 2nd period - Wrist shot by Bryan Rust.
10:50 of 2nd period - Stopped by James Reimer without a rebound.
10:51 of 2nd period - Johnny Gaudreau wins face-off versus Eric Staal in Blackhawks zone.
10:58 of 2nd period - Wrist shot by Jakob Silfverberg.
10:58 of 2nd period - Stopped by Christopher Gibson without a rebound.
10:59 of 2nd period - Eric Staal wins face-off versus Jordan Staal in Flames zone.
11:13 of 2nd period - Slapshot by Johnny Gaudreau.
11:13 of 2nd period - Deflect By Jordan Staal.
11:13 of 2nd period - Shot Misses the Net.
11:13 of 2nd period - Puck is out of play.
11:14 of 2nd period - Patrik Berglund wins face-off versus Nick Bonino in Flames zone.
12:12 of 2nd period - Snap shot by Esa Lindell.
12:12 of 2nd period - Shot Misses the Net.
12:22 of 2nd period - Snap shot by Andrew Mangiapane.
12:22 of 2nd period - Shot Misses the Net.
12:32 of 2nd period - Snap shot by Anders Lee.
12:32 of 2nd period - Stopped by James Reimer with a rebound.
12:38 of 2nd period - Minor Penalty to Jamie McBain for Unsportsmanlike conduct.
12:39 of 2nd period - Eric Staal wins face-off versus Jordan Staal in Blackhawks zone.
12:48 of 2nd period - Slapshot by Eric Staal.
12:48 of 2nd period - Goal by Eric Staal - Blackhawks : 2 - Flames : 3.
12:49 of 2nd period - Eric Staal wins face-off versus Jakob Silfverberg in neutral zone.
12:52 of 2nd period - Calvin de Haan is hit by Eric Staal and loses puck.
13:40 of 2nd period - Slapshot by Sami Vatanen.
13:40 of 2nd period - Stopped by James Reimer with a rebound.
13:42 of 2nd period - Wrist shot by Kevin Labanc.
13:42 of 2nd period - Goal by Kevin Labanc - Blackhawks : 2 - Flames : 4.
13:42 of 2nd period - Joe Cannata enters game.
13:43 of 2nd period - Jordan Staal wins face-off versus Eric Staal in neutral zone.
13:49 of 2nd period - Off-side.
13:50 of 2nd period - Eric Staal wins face-off versus Jordan Staal in neutral zone.
14:05 of 2nd period - Snap shot by Brad Marchand.
14:05 of 2nd period - Shot Misses the Net.
14:07 of 2nd period - Snap shot by Bryan Rust.
14:07 of 2nd period - Stopped by Joe Cannata with a rebound.
14:09 of 2nd period - Snap shot by Eric Staal.
14:09 of 2nd period - Stopped by Joe Cannata with a rebound.
14:15 of 2nd period - Wrist shot by Brad Marchand.
14:15 of 2nd period - Goal by Brad Marchand - Blackhawks : 2 - Flames : 5.
14:16 of 2nd period - Brad Marchand wins face-off versus Jordan Staal in neutral zone.
15:09 of 2nd period - Johnny Gaudreau is hit by Kyle Palmieri and loses puck.
15:33 of 2nd period - Minor Penalty to Ben Harpur for Interference.
15:34 of 2nd period - Nick Bonino wins face-off versus Eric Staal in Blackhawks zone.
15:45 of 2nd period - Snap shot by Sami Vatanen.
15:45 of 2nd period - Deflect By Eric Staal.
15:45 of 2nd period - Stopped by Joe Cannata without a rebound.
15:46 of 2nd period - Nick Bonino wins face-off versus Eric Staal in Blackhawks zone.
17:33 of 2nd period - Penalty to Ben Harpur is over, Ben Harpur is back on ice.
17:36 of 2nd period - Snap shot by James Wright.
17:36 of 2nd period - Stopped by Christopher Gibson with a rebound.
18:45 of 2nd period - Slapshot by Brett Maclean.
18:45 of 2nd period - Shot Misses the Net.
18:47 of 2nd period - Slapshot by Petter Granberg.
18:47 of 2nd period - Stopped by Christopher Gibson with a rebound.
19:38 of 2nd period - Nick Bonino is hit by David Ullstrom and loses puck.
19:55 of 2nd period - Snap shot by Sami Vatanen.
19:55 of 2nd period - Deflect By Patrik Berglund.
19:55 of 2nd period - Shot Misses the Net.
19:55 of 2nd period - Puck is out of play.
19:56 of 2nd period - Jordan Staal wins face-off versus Patrik Berglund in Blackhawks zone.
Goals for this period are 1 for Blackhawks vs 3 for Flames.
Shots for this period are 15 for Blackhawks vs 14 for Flames.
3rd period
0:01 of 3rd period - Nick Bonino wins face-off versus Eric Staal in neutral zone.
0:14 of 3rd period - Antoine Roussel is hit by Erik Johnson and loses puck.
0:27 of 3rd period - Jamie McBain is hit by Jimmy Hayes and loses puck.
1:37 of 3rd period - Wrist shot by Jordan Staal.
1:37 of 3rd period - Shot Misses the Net.
1:39 of 3rd period - Slapshot by Ben Harpur.
1:39 of 3rd period - Goal by Ben Harpur - Blackhawks : 3 - Flames : 5.
1:40 of 3rd period - Nick Bonino wins face-off versus Eric Staal in neutral zone.
1:42 of 3rd period - Jamie McBain is hit by Esa Lindell and loses puck.
3:29 of 3rd period - Icing by Ben Harpur.
3:30 of 3rd period - Eric Staal wins face-off versus Nick Bonino in Blackhawks zone.
3:33 of 3rd period - Slapshot by Christian Folin.
3:33 of 3rd period - Stopped by Joe Cannata without a rebound.
3:34 of 3rd period - Eric Staal wins face-off versus Jordan Staal in Blackhawks zone.
4:10 of 3rd period - Christian Folin is hit by Nick Bonino and loses puck.
4:23 of 3rd period - Wrist shot by Corey Perry.
4:23 of 3rd period - Stopped by Christopher Gibson without a rebound.
4:24 of 3rd period - Colin Wilson wins face-off versus Stefan Matteau in Flames zone.
5:11 of 3rd period - Tanner Pearson is hit by Robert Hagg.
5:19 of 3rd period - Snap shot by Jimmy Hayes.
5:19 of 3rd period - Stopped by Joe Cannata without a rebound.
5:20 of 3rd period - Eric Staal wins face-off versus Nick Bonino in Blackhawks zone.
5:47 of 3rd period - Nick Bonino is hit by Jake DeBrusk and loses puck.
6:12 of 3rd period - Wrist shot by Kyle Palmieri.
6:12 of 3rd period - Stopped by Joe Cannata with a rebound.
6:14 of 3rd period - Wrist shot by David Ullstrom.
6:14 of 3rd period - Shot Misses the Net.
6:16 of 3rd period - Slapshot by Christian Folin.
6:16 of 3rd period - Shot Misses the Net.
6:39 of 3rd period - Off-side.
6:40 of 3rd period - Jordan Staal wins face-off versus Brad Marchand in neutral zone.
6:42 of 3rd period - Off-side.
6:43 of 3rd period - Eric Staal wins face-off versus Jordan Staal in neutral zone.
7:10 of 3rd period - Snap shot by Bryan Rust.
7:10 of 3rd period - Shot Blocked by James Wright.
7:29 of 3rd period - Minor Penalty to Calvin de Haan for Hooking.
7:30 of 3rd period - Jordan Staal wins face-off versus Eric Staal in Blackhawks zone.
9:29 of 3rd period - Penalty to Calvin de Haan is over, Calvin de Haan is back on ice.
9:47 of 3rd period - Snap shot by Brett Maclean.
9:47 of 3rd period - Shot Misses the Net.
10:36 of 3rd period - Snap shot by James Wright.
10:36 of 3rd period - Deflect By Mike Amadio.
10:36 of 3rd period - Stopped by Christopher Gibson without a rebound.
10:37 of 3rd period - Patrik Berglund wins face-off versus James Wright in Flames zone.
10:42 of 3rd period - Slapshot by Esa Lindell.
10:42 of 3rd period - Shot Misses the Net.
10:44 of 3rd period - Wrist shot by Tanner Pearson.
10:44 of 3rd period - Goal by Tanner Pearson - Blackhawks : 3 - Flames : 6.
10:45 of 3rd period - Eric Staal wins face-off versus Jordan Staal in neutral zone.
10:48 of 3rd period - Jamie McBain is hit by Eric Staal and loses puck.
11:17 of 3rd period - Slapshot by Jake DeBrusk.
11:17 of 3rd period - Stopped by Joe Cannata without a rebound.
11:18 of 3rd period - Colin Wilson wins face-off versus Nick Bonino in Blackhawks zone.
11:31 of 3rd period - Snap shot by Nick Bjugstad.
11:31 of 3rd period - Stopped by Christopher Gibson without a rebound.
11:32 of 3rd period - Jordan Staal wins face-off versus Brad Marchand in Flames zone.
12:08 of 3rd period - Wrist shot by Tanner Pearson.
12:08 of 3rd period - Stopped by Joe Cannata without a rebound.
12:09 of 3rd period - Nick Bonino wins face-off versus Patrik Berglund in Blackhawks zone.
12:09 of 3rd period - Nick Bonino is hit by Erik Johnson.
12:49 of 3rd period - Wrist shot by Jakob Silfverberg.
12:49 of 3rd period - Stopped by Christopher Gibson with a rebound.
12:59 of 3rd period - Snap shot by James Wright.
12:59 of 3rd period - Stopped by Christopher Gibson without a rebound.
13:00 of 3rd period - Patrik Berglund wins face-off versus James Wright in Flames zone.
13:50 of 3rd period - Slapshot by Radko Gudas.
13:50 of 3rd period - Stopped by Christopher Gibson without a rebound.
13:51 of 3rd period - Eric Staal wins face-off versus Stefan Matteau in Flames zone.
14:34 of 3rd period - Snap shot by Eric Staal.
14:34 of 3rd period - Shot Misses the Net.
14:36 of 3rd period - Snap shot by Eric Staal.
14:36 of 3rd period - Stopped by Joe Cannata with a rebound.
14:38 of 3rd period - Slapshot by Eric Staal.
14:38 of 3rd period - Stopped by Joe Cannata with a rebound.
14:40 of 3rd period - Slapshot by David Savard.
14:40 of 3rd period - Stopped by Joe Cannata with a rebound.
14:42 of 3rd period - Snap shot by Bryan Rust.
14:42 of 3rd period - Stopped by Joe Cannata with a rebound.
14:56 of 3rd period - Snap shot by Brad Marchand.
14:56 of 3rd period - Stopped by Joe Cannata with a rebound.
15:08 of 3rd period - Slapshot by Eric Staal.
15:08 of 3rd period - Stopped by Joe Cannata without a rebound.
15:09 of 3rd period - Patrik Berglund wins face-off versus Jordan Staal in Blackhawks zone.
15:18 of 3rd period - Snap shot by Jimmy Hayes.
15:18 of 3rd period - Shot Misses the Net.
15:20 of 3rd period - Snap shot by Patrik Berglund.
15:20 of 3rd period - Stopped by Joe Cannata with a rebound.
15:22 of 3rd period - Slapshot by Sami Vatanen.
15:22 of 3rd period - Stopped by Joe Cannata without a rebound.
15:23 of 3rd period - Patrik Berglund wins face-off versus Jordan Staal in Blackhawks zone.
15:24 of 3rd period - Snap shot by Jimmy Hayes.
15:24 of 3rd period - Stopped by Joe Cannata with a rebound.
15:38 of 3rd period - Wrist shot by Johnny Gaudreau.
15:38 of 3rd period - Stopped by Christopher Gibson with a rebound.
15:40 of 3rd period - Wrist shot by Johnny Gaudreau.
15:40 of 3rd period - Deflect By Jordan Staal.
15:40 of 3rd period - Stopped by Christopher Gibson with a rebound.
16:53 of 3rd period - Snap shot by Johnny Gaudreau.
16:53 of 3rd period - Shot Misses the Net.
17:14 of 3rd period - Wrist shot by James Wright.
17:14 of 3rd period - Stopped by Christopher Gibson with a rebound.
17:16 of 3rd period - Slapshot by Robert Hagg.
17:16 of 3rd period - Shot Blocked by Bryan Rust.
17:18 of 3rd period - Snap shot by Mike Amadio.
17:18 of 3rd period - Shot Blocked by Esa Lindell.
17:30 of 3rd period - Esa Lindell is hit by Corey Perry and loses puck.
17:59 of 3rd period - Slapshot by Patrik Berglund.
17:59 of 3rd period - Stopped by Joe Cannata without a rebound.
18:00 of 3rd period - Eric Staal wins face-off versus Jordan Staal in Blackhawks zone.
18:05 of 3rd period - Snap shot by Brad Marchand.
18:05 of 3rd period - Stopped by Joe Cannata with a rebound.
18:26 of 3rd period - Brad Marchand is hit by Jamie McBain and loses puck.
18:53 of 3rd period - Jimmy Hayes is hit by Nick Bjugstad and loses puck.
19:22 of 3rd period - Calvin de Haan is hit by Kevin Labanc and loses puck.
Goals for this period are 1 for Blackhawks vs 1 for Flames.
Shots for this period are 10 for Blackhawks vs 17 for Flames.